 Dungeon Crawl Stone Soup version 0.26.1-11-gd32895ea62 (webtiles) character file.

Game seed: 6983210153688696840

107 tkbsonic5 the Poker (level 4, -8/57 HPs)
             Began as a Merfolk Berserker on June 30, 2021.
             Was a Believer of Trog.
             Mangled by a gnoll
             ... wielding a +0 flail
              (19 damage)
             ... on level 3 of the Dungeon.
             The game lasted 00:08:40 (2134 turns).

tkbsonic5 the Poker (Merfolk Berserker)             Turns: 2134, Time: 00:08:41

Health: -8/57      AC:  3    Str: 17    XL:     4   Next: 86%
Magic:  4/4        EV: 13    Int:  6    God:    Trog [**....]
Gold:   75         SH:  0    Dex: 14    Spells: 3/3 levels left

rFire    . . .     SeeInvis .   a - +0 spear
rCold    . . .     Faith    .   (no shield)
rNeg     . . .     Spirit   .   l - +0 leather armour
rPois    .         Reflect  .   (no helmet)
rElec    .         Harm     +   n - scarf {harm}
rCorr    .         Rampage  .   (no gloves)
Will     .....                  (no boots)
Stlth    ..........             (no amulet)
HPRegen  0.19/turn              (no ring)
MPRegen  0.09/turn              (no ring)

@: berserking, very quick
A: change form in water, swift swim, stealthy swim
a: Renounce Religion, Berserk, Trog's Hand


You were on level 3 of the Dungeon.
You worshipped Trog.
Trog was pleased with you.
You visited 1 branch of the dungeon, and saw 3 of its levels.

You collected 75 gold pieces.

Inventory:

Hand Weapons
 a - a +0 spear (weapon)
Armour
 b - a +0 animal skin
 l - a +0 leather armour (worn)
 n - a scarf of harm (worn)
Jewellery
 c - an uncursed ring of positive energy
Scrolls
 d - 3 scrolls of teleportation
 e - a scroll of fog {unknown}
 f - a scroll of fear
 h - a scroll of remove curse {unknown}
 k - a scroll of noise {unknown}
 p - a scroll of immolation {unknown}
Potions
 i - a potion of lignification {unknown}
 j - a potion of degeneration {unknown}
 m - a potion of brilliance {unknown}


   Skills:
 * Level 4.5 Fighting
 * Level 6.0 Polearms
 - Level 1.3 Armour
 + Level 3.7 Dodging


You had 3 spell levels left.
You didn't know any spells.
Your spell library was empty.

Dungeon Overview and Level Annotations

Branches:
Dungeon (3/15)

Altars:


Message History

The gnoll is moderately wounded.
The gnoll hits you with a +0 flail!
You barely miss the gnoll.
The gnoll is moderately wounded.
The gnoll closely misses you.
A red film seems to cover your vision as you go berserk!
You feel yourself moving faster!
You feel mighty! The gnoll barely misses you.
You hit the gnoll.
The gnoll is heavily wounded.
The gnoll looks more healthy.
The gnoll hits you with a +0 flail!
* * * LOW HITPOINT WARNING * * *
You hit the gnoll.
The gnoll is severely wounded.
The gnoll closely misses you.
You hit the gnoll.
The gnoll is almost dead.
You closely miss the gnoll.
The gnoll is almost dead.
The gnoll hits you with a +0 flail!
You die...

#.####.##(#
#?g...g†((#
######(#### #####(#
###...(.# #....((.#
#.#.##### #.#g#
########. #.#@#
#........ #.#.#
#.######. #.#.## #.#
#..#.######.#
#.###.......######..
#..#.#####).........
#######.#.##
#.########.
........#.# #)#
..........# #.#


You could see a gnoll (berserk).

Vanquished Creatures
  2 gnolls (D:3)
  2 adders (D:2)
  A worm (D:2)
  5 dart slugs
  A leopard gecko (D:3)
  3 orcs (D:3)
  5 bats
  4 giant cockroaches
  3 goblins (D:1)
  8 hobgoblins
  2 jackals (D:2)
  6 kobolds
  3 frilled lizards
  7 rats
52 creatures vanquished.

Notes
Turn   | Place    | Note
-------+----------+-------------------------------------------
     0 | D:1      | tkbsonic5 the Merfolk Berserker began the quest for the
                  | Orb.
     0 | D:1      | Reached XP level 1. HP: 18/18 MP: 1/1
   153 | D:1      | Reached XP level 2. HP: 21/24 MP: 2/2
   467 | D:1      | Reached skill level 5 in Polearms
   623 | D:1      | Reached XP level 3. HP: 30/30 MP: 3/3
   939 | D:2      | Reached ** piety under Trog
  1574 | D:2      | Reached XP level 4. HP: 37/37 MP: 4/4
  2110 | D:3      | Reached skill level 6 in Polearms
  2134 | D:3      | Mangled by a gnoll

Illustrated notes

Levels and vault maps discovered:
D:1:      minmay_arrival_jagged, layout_basic, serial_corexii_hall,
          chequers_hall_statues_corner_a, chequers_hall_statues_y, nrook_uturn
D:2:      layout_loops_ring, minmay_fountain_box
D:3:      layout_loops_ring, overflow_temple_1_default, lemuel_round_altar

Skill      XL: |  1  2  3  4 |
---------------+-------------+-----
Dodging        | 3 |  3.7
Polearms       | 5 6 |  6.0
Fighting       | 4 |  4.5
Armour         | |  1.3

Action                   |  1- 3 |  4- 6 || total
-------------------------+-------+-------++-------
Melee: Spear             |   129 |    46 ||   175
Throw: Dart              |    22 |    30 ||    52
       Throwing net      |       |     1 ||     1
Invok: Berserk           |       |     2 ||     2
  Use: Scroll            |     3 |       ||     3
 Stab: Sleeping          |     3 |       ||     3
Armor: Animal skin       |    18 |       ||    18
       Leather armour    |       |     3 ||     3
Dodge: Dodged            |    66 |    26 ||    92
